 Dungeon Sprint DCSS version 0.30.1-4-g462c640d31 (webtiles) character file.

Game seed: 16302113695807656027

4501 Heoruswealwe the Ninja (level 10, 0/53 HPs)
             Began as a Spriggan Artificer on Aug 31, 2023.
             Was an Initiate of Gozag.
             Slain by a deep troll (3 damage)
             ... in the Dungeon (Sprint I: "Red Sonja").
             The game lasted 00:08:28 (617 turns).

Heoruswealwe the Ninja (Spriggan Artificer)          Turns: 617, Time: 00:08:30

Health: 0/53       AC:  2    Str:  8    XL:     10   Next: 16%
Magic:  11/11      EV: 24    Int: 13    God:    Gozag
Gold:   644        SH:  0    Dex: 20    Spells: 9/9 levels left

rFire   . . .        a - +2 dagger (speed)
rCold   . . .        (no shield)
rNeg    . . .        c - +0 robe
rPois   .            (helmet restricted)
rElec   .            (no cloak)
rCorr   .            (gloves unavailable)
SInv    +            (boots unavailable)
Will    +....        (no amulet)
Stlth   ++++++++++   (no ring)
HPRegen 0.28/turn    (no ring)
MPRegen 0.12/turn

%: no teleportation
@: very quick
A: very small, no large weapons, unfitting armour, see invisible, speed 3
a: Renounce Religion, Potion Petition, Call Merchant, Bribe Branch


You were in the Dungeon.
You worshipped Gozag.
Gozag was pleased with you.
You visited 1 branch You collected 680 gold pieces.
You donated 36 gold pieces to Zin.

Inventory:

Hand Weapons
 a - a +2 dagger of speed (weapon)
Armour
 c - a +0 robe (worn)
Wands
 d - a wand of charming (22)
 l - a wand of digging (5)
Scrolls
 e - a scroll of butterflies {unknown}
 i - a scroll of magic mapping {unknown}
 k - a scroll of blinking
Potions
 f - 3 potions of curing
 g - a potion of heal wounds
 h - a potion of haste


   Skills:
 + Level 5.7 Fighting
 + Level 7.4 Short Blades
 + Level 9.5 Dodging
 O Level 27 Stealth
 * Level 13.1 Evocations


You had 9 spell levels left.
You didn't know any spells.
Your spell library was empty.

Dungeon Overview and Level Annotations

Branches:
Dungeon (1/1)

Altars:
Cheibriados
Dithmenos
Elyvilon
Fedhas
Gozag
Hepliaklqana
Kikubaaqudgha
Nemelex Xobeh
Okawaru
Qazlal
Ru
Sif Muna
Trog
Uskayaw
Vehumet
Wu Jian
Yredelemnul
Zin
The Shining One

Shops:
D ::


Innate Abilities, Weirdness & Mutations

You are very small and have problems with some larger weapons.
You are too small for most types of armour.
You have supernaturally acute eyesight. (SInv)
You cover ground extremely quickly. (Speed+++)


Message History

The puff of flame hits the deep troll!
The deep troll is lightly wounded.
The puff of flame hits the deep troll but does no damage.
The deep troll is lightly wounded.
The now-empty wand crumbles to dust.
There is an open door here.
Aiming: Charm
Press: ? - help, Shift-Dir - straight line, f/p - deep troll
Aim: a deep troll (lightly wounded, chance to affect: 60%)
The deep troll resists with significant effort.
Aiming: Charm
Press: ? - help, Shift-Dir - straight line, f/p - deep troll
Aim: a deep troll (lightly wounded, chance to affect: 60%)
The deep troll resists with significant effort.
You hit the deep troll.
The deep troll is lightly wounded.
The deep troll bites you! The deep troll claws you.
The deep troll completely misses you.
You hit the deep troll but do no damage.
The deep troll is lightly wounded.
You closely miss the deep troll.
The deep troll is lightly wounded.
You hit the deep troll but do no damage.
The deep troll is lightly wounded.
The deep troll bites you! The deep troll misses you. The deep troll claws you.
You hit the deep troll but do no damage.
The deep troll is lightly wounded.
You hit the deep troll.
The deep troll is lightly wounded.
The deep troll bites you! The deep troll completely misses you.
The deep troll misses you.
You hit the deep troll but do no damage.
The deep troll is lightly wounded.
You barely miss the deep troll. Your punch misses the deep troll.
The deep troll is lightly wounded.
The deep troll bites you!
* * * LOW HITPOINT WARNING * * *
The deep troll claws you.
You die...
Your body crumbles into a pile of gold.

#.†#####'#####'#
#..####..#...#.# $
#).#__####..##.# $$
#..#_____##'#_.+
#⌠⌠#_.∩...'..._# $$
##.#_..__##_.#'#
#..#_____###'#.# $ $
############.####+###
$
#∩.......@T...'$$.$$+
###''''####.).#######
$ #.......####.###
#........#.#'#.# $
#..#.....#.....#
#........#..[..#
#.....#..#######
#........# #..#.....#
$$


You could see a deep troll.

Vanquished Creatures
  Sonja (D)
  8 shining eyes (D)
  Sigmund (D)
  A yak (D)
  4 floating eyes (D)
  An ogre (D)
  A jelly (D)
  Ijyb (D)
  A ballistomycete spore (D)
19 creatures vanquished.

Vanquished Creatures (others)
  A ballistomycete spore (D)
1 creature vanquished.

Grand Total: 20 creatures vanquished

Notes
Turn   | Place    | Note
-------+----------+-------------------------------------------
     0 | D        | Heoruswealwe the Spriggan Artificer began the quest for the
                  | Orb.
     0 | D        | Reached XP level 1. HP: 9/9 MP: 2/2
     1 | D        | Noticed Ijyb
     4 | D        | Killed Ijyb
     5 | D        | Reached skill level 9 in Stealth
     5 | D        | Reached XP level 2. HP: 14/14 MP: 3/3
    33 | D        | Noticed an ogre
    46 | D        | Killed an ogre
    47 | D        | Reached skill level 14 in Stealth
    47 | D        | Reached XP level 3. HP: 17/17 MP: 4/4
    47 | D        | Reached XP level 4. HP: 21/21 MP: 5/5
    63 | D        | Noticed Sigmund
    67 | D        | Killed Sigmund
    68 | D        | Reached skill level 18 in Stealth
    68 | D        | Reached XP level 5. HP: 10/25 MP: 6/6
    68 | D        | Reached XP level 6. HP: 11/29 MP: 7/7
   144 | D        | Found an ornate altar of the Wu Jian Council.
   144 | D        | Found a shimmering blue altar of Sif Muna.
   146 | D        | Found a radiant altar of Vehumet.
   151 | D        | Reached skill level 19 in Stealth
   181 | D        | Found Wyphelek's Book Emporium.
   181 | D        | Found an ancient bone altar of Kikubaaqudgha.
   181 | D        | Found a hazy altar of Hepliaklqana.
   181 | D        | Found a stormy altar of Qazlal.
   181 | D        | Found a hide-covered altar of Uskayaw.
   181 | D        | Found a blossoming altar of Fedhas.
   181 | D        | Found a bloodstained altar of Trog.
   181 | D        | Found an iron altar of Okawaru.
   181 | D        | Found a basalt altar of Yredelemnul.
   181 | D        | Found a glowing golden altar of the Shining One.
   181 | D        | Found a snail-covered altar of Cheibriados.
   181 | D        | Found a sacrificial altar of Ru.
   181 | D        | Found a glowing silver altar of Zin.
   181 | D        | Found a shadowy altar of Dithmenos.
   181 | D        | Found a white marble altar of Elyvilon.
   181 | D        | Noticed a yak
   208 | D        | Killed a yak
   209 | D        | Reached skill level 21 in Stealth
   227 | D        | Found an opulent altar of Gozag.
   228 | D        | Found a sparkling altar of Nemelex Xobeh.
   233 | D        | Became a worshipper of Zin the Law-Giver
   233 | D        | Reached * piety under Zin
   233 | D        | Reached ** piety under Zin
   233 | D        | Reached *** piety under Zin
   233 | D        | Reached **** piety under Zin
   233 | D        | Reached ***** piety under Zin
   233 | D        | Reached ****** piety under Zin
   242 | D        | Noticed Sonja
   246 | D        | Killed Sonja
   247 | D        | Reached skill level 25 in Stealth
   247 | D        | Reached XP level 7. HP: 32/32 MP: 8/8
   262 | D        | Found Rauleah's Book Boutique.
   272 | D        | Noticed a shining eye
   272 | D        | Noticed a shining eye
   272 | D        | Noticed a shining eye
   272 | D        | Noticed a shining eye
   272 | D        | Noticed a shining eye
   272 | D        | Noticed a shining eye
   274 | D        | Paralysed by a floating eye for 3 turns
   275 | D        | Reached XP level 8. HP: 37/37 MP: 9/9
   278 | D        | Noticed a shining eye
   278 | D        | Noticed a shining eye
   279 | D        | Killed a shining eye
   280 | D        | Reached skill level 27 in Stealth
   280 | D        | Reached skill level 1 in Fighting
   282 | D        | Killed a shining eye
   284 | D        | Paralysed by a floating eye for 3 turns
   290 | D        | Killed a shining eye
   291 | D        | Reached XP level 9. HP: 44/44 MP: 10/10
   292 | D        | Paralysed by a floating eye for 2 turns
   299 | D        | Killed a shining eye
   299 | D        | Paralysed by a floating eye for 3 turns
   300 | D        | Reached skill level 5 in Short Blades
   300 | D        | Reached skill level 10 in Evocations
   303 | D        | Killed a shining eye
   306 | D        | Paralysed by a floating eye for 2 turns
   396 | D        | Killed a shining eye
   397 | D        | Reached skill level 5 in Fighting
   421 | D        | Killed a shining eye
   422 | D        | Reached XP level 10. HP: 51/51 MP: 11/11
   445 | D        | Killed a shining eye
   471 | D        | Fell from the grace of Zin
   471 | D        | Became a worshipper of Gozag Ym Sagoz the Greedy
   599 | D        | Noticed a deep troll
   617 | D        | Slain by a deep troll

Illustrated notes

Levels and vault maps discovered:
D:        dungeon_sprint_1 [red_sonja_temple_1, red_sonja_temple_small_1]

Skill      XL: |  1  2  3  4  5  6  7  8  9 10 |
---------------+-------------------------------+-----
Stealth        | 9 14 18 25 27 | 27.0
Fighting       | 3 5 |  5.7
Short Blades   | 4 7 |  7.4
Dodging        | 6 9 |  9.5
Evocations     | 8 12 13 | 13.1

Action                     |  1- 3 |  4- 6 |  7- 9 | 10-12 || total
---------------------------+-------+-------+-------+-------++-------
  Melee: Dagger            |       |     2 |   100 |    33 ||   135
         Punch             |       |       |     1 |     2 ||     3
  Evoke: Wand              |     7 |    12 |       |     4 ||    23
   Stab: Sleeping          |       |     2 |     7 |     1 ||    10
  Dodge: Dodged            |       |       |       |     4 ||     4
